 Dungeon Crawl Stone Soup version 0.27.1-33-g824d729ab1 (webtiles) character file.

Game seed: 18140083066644250384

1250 DearestLeader the Shooter (level 8, -10/60 HPs)
             Began as a Gnoll Wanderer on Nov 26, 2021.
             Was an Initiate of Ru.
             Mangled by Harold (28 damage)
             ... on level 7 of the Dungeon.
             The game lasted 00:09:06 (6048 turns).

DearestLeader the Shooter (Gnoll Wanderer)          Turns: 6048, Time: 00:09:06

Health: -10/60     AC: 15    Str: 14    XL:     8   Next: 50%
Magic:  13/13      EV: 10    Int: 13    God:    Ru [......]
Gold:   243        SH:  0    Dex: 16    Spells: 13/13 levels left

rFire    . . .     SeeInvis .   g - +4 quarterstaff (chaos)
rCold    . . .     Faith    .   (shield currently unavailable)
rNeg     . . .     Spirit   .   c - +3 scale mail
rPois    .         Reflect  .   (no helmet)
rElec    .         Harm     .   m - +0 cloak
rCorr    .         Rampage  .   (no gloves)
Will     .....                  (no boots)
Stlth    +.........             (no amulet)
HPRegen  0.20/turn              f - +6 ring of dexterity
MPRegen  0.13/turn              u - +4 ring of protection

@: marked
A: fangs 1, strong nose, distributed training
a: Renounce Religion


You were on level 7 of the Dungeon.
You worshipped Ru.
Ru was noncommittal.
You visited 1 branch of the dungeon, and saw 7 of its levels.

You collected 243 gold pieces.

Inventory:

Hand Weapons
 a - a +0 shortbow
 g - a +4 quarterstaff of chaos (weapon)
 p - a +2 dagger of venom
 q - a +2 spear of venom
 x - a +2 falchion of holy wrath
 y - a +0 flail of protection
Missiles
 d - 172 arrows
 n - 2 throwing nets (quivered)
Armour
 c - a +3 scale mail (worn)
 m - a +0 cloak (worn)
Jewellery
 f - a +6 ring of dexterity (left hand)
 u - a +4 ring of protection (right hand)
 C - a ring of ice
Wands
 t - a wand of polymorph (4)
Scrolls
 e - 3 scrolls of enchant armour
 i - 2 scrolls of magic mapping
 j - 2 scrolls of holy word
 k - 4 scrolls of identify
 o - a scroll of fog {unknown}
 r - 2 scrolls of immolation {unknown}
 s - a scroll of noise {unknown}
 v - a scroll of teleportation {unknown}
 w - 2 scrolls of enchant weapon {unknown}
 B - a scroll of torment {unknown}
Potions
 b - 3 potions of curing
 h - a potion of mutation {unknown}
 l - a potion of might
 z - a potion of magic {unknown}
 A - a potion of attraction {unknown}


   Skills:
 + Level 4.2 Fighting
 + Level 3.3 Short Blades
 + Level 3.3 Long Blades
 + Level 3.3 Axes
 + Level 3.3 Maces & Flails
 + Level 3.3 Polearms
 + Level 5.7 Staves
 + Level 3.3 Slings
 + Level 7.4 Bows
 + Level 3.3 Crossbows
 + Level 4.2 Throwing
 + Level 5.7 Armour
 + Level 3.3 Dodging
 + Level 4.1 Stealth
 + Level 3.3 Shields
 + Level 3.3 Unarmed Combat
 + Level 3.3 Spellcasting
 + Level 2.7 Conjurations
 + Level 2.7 Hexes
 + Level 2.7 Summonings
 + Level 2.7 Necromancy
 + Level 2.7 Translocations
 + Level 2.7 Transmutations
 + Level 2.7 Fire Magic
 + Level 2.7 Ice Magic
 + Level 2.7 Air Magic
 + Level 2.7 Earth Magic
 + Level 2.7 Poison Magic
 + Level 3.6 Invocations
 + Level 3.3 Evocations


You had 13 spell levels left.
You didn't know any spells.
Your spell library contained the following spells:

 Spells                   Type           Power      Damage    Failure   Level
 Summon Small Mammal      Summ           36%        N/A       26%         1
 Call Imp                 Summ           9%         N/A       38%         2
 Corpse Rot               Necr/Air       N/A        N/A       38%         2
 Poisonous Vapours        Pois/Air       18%        N/A       38%         2
 Dazzling Flash           Conj/Hex       18%        N/A       63%         3
 Stone Arrow              Conj/Erth      18%        3d8       63%         3
 Iskenderun's Mystic Bla  Conj/Tloc      9%         2d4       95%         4
 Bolt of Magma            Conj/Fire/Erth 4%         4d5       100%        5
 Freezing Cloud           Conj/Ice/Air   4%         6-21      100%        5
 Silence                  Hex/Air        4%         N/A       100%        5
 Summon Forest            Summ/Tloc      4%         N/A       100%        5
 Starburst                Conj/Fire      4%         6d4       100%        6
 Haunt                    Necr/Summ      4%         N/A       100%        7
 Shatter                  Erth           4%         3d8*      100%        9


Dungeon Overview and Level Annotations

Branches:
Dungeon (7/15)
 Temple: D:4-7

Altars:
Cheibriados
Ru
Sif Muna
Trog
Vehumet

Shops:
D:6 *

Annotations:
D:7 2 transporters, Harold; Vyran's ghost, novice GnFi


Innate Abilities, Weirdness & Mutations

You have very sharp teeth.
Your uncanny sense of smell can sniff out nearby items.
Your experience applies equally to all skills.


Message History

You hit Harold.
Harold is lightly wounded.
Harold barely misses you.
You hit Harold but do no damage. You bite Harold, but do no damage.
Harold is lightly wounded.
Harold barely misses you.
You hit Harold. You bite Harold.
Harold is lightly wounded.
Harold drinks a potion.
Harold seems to grow stronger.
You hit Harold.
Harold is lightly wounded.
Harold casts a spell at you. The mark upon you grows brighter.
You barely miss Harold.
Harold is lightly wounded.
Harold barely misses you.
You hit Harold. You freeze Harold. Your bite misses Harold.
Harold is lightly wounded.
Harold closely misses you.
You sock Harold!
Harold is poisoned.
Harold is moderately wounded.
Harold hits you with a +0 long sword!
You hit Harold.
Nothing appears to happen.
Harold is moderately wounded.
Harold hits you with a +0 long sword!
You sock Harold!
Harold resists with almost no effort.
Harold is heavily wounded.
Harold closely misses you.
You sock Harold! You burn Harold.
Harold is severely wounded.
Harold hits you with a +0 long sword!!
* * * LOW HITPOINT WARNING * * *
You hit Harold.
Harold's magic leaks into the air.
You bite Harold, but do no damage.
Harold is severely wounded.
Harold points at you and mumbles some strange words.
The mark upon you grows brighter.
Unknown command.
You feel better. Harold hits you with a +0 long sword!!
You die...

#..♣ ♣ #....# #..♣#
#♣ #.<..# #...♣♣♣.
#....# #......♣
#....# +...♣♣♣.
#....#.....#..♣# #♣
....#.....#..♣ ♣
#@..#.....#..♣# #♣
##@..#.....#...♣♣♣.
#....#.....#.......
#....#.....#.).....
#....#.....#...##..
#....'.....#...##..
#....#.....#.......
#....#.....'[......
##...#.....#.......
#...#######.......


You could see Harold (strong, poisoned).

Vanquished Creatures
  A black bear (D:5)
  An orc warrior (D:7)
  3 ogres
  A centaur (D:5)
  A water moccasin skeleton (D:5)
  2 hounds (D:5)
  2 orc priests
  Crazy Yiuf (D:2)
  A gnoll shaman (D:6)
  3 iguanas
  4 orc wizards
  A scorpion zombie (D:5)
  A hound zombie (D:5)
  A hound skeleton (D:4)
  3 gnolls (D:6)
  13 adders
  A shadow imp (D:7)
  An ufetubus (D:6)
  4 dart slugs
  12 orcs
  5 bats
  11 endoplasms
  5 giant cockroaches
  9 goblins
  9 hobgoblins
  4 jackals (D:2)
  2 quokkas
  7 ball pythons
  2 frilled lizards (D:2)
  10 kobolds
  5 rats
126 creatures vanquished.

Vanquished Creatures (others)
  2 fungi (D:2)
  10 plants (D:2)
12 creatures vanquished.

Grand Total: 138 creatures vanquished

Notes
Turn   | Place    | Note
-------+----------+-------------------------------------------
     0 | D:1      | DearestLeader the Gnoll Wanderer began the quest for the
                  | Orb.
     0 | D:1      | DearestLeader set off with the following items: a +0
                  | shortbow, a potion of curing, a +2 scale mail, 22 arrows
     0 | D:1      | Reached XP level 1. HP: 17/17 MP: 1/1
   379 | D:1      | Reached XP level 2. HP: 14/23 MP: 2/2
   976 | D:1      | Reached XP level 3. HP: 16/28 MP: 3/3
  1224 | D:2      | Reached skill level 1 in Invocations
  1251 | D:2      | Reached skill level 1 in Short Blades
  1251 | D:2      | Reached skill level 1 in Long Blades
  1251 | D:2      | Reached skill level 1 in Axes
  1251 | D:2      | Reached skill level 1 in Maces & Flails
  1251 | D:2      | Reached skill level 1 in Polearms
  1251 | D:2      | Reached skill level 1 in Slings
  1251 | D:2      | Reached skill level 1 in Crossbows
  1251 | D:2      | Reached skill level 1 in Dodging
  1251 | D:2      | Reached skill level 1 in Shields
  1251 | D:2      | Reached skill level 1 in Unarmed Combat
  1251 | D:2      | Reached skill level 1 in Spellcasting
  1251 | D:2      | Reached skill level 1 in Evocations
  1251 | D:2      | Reached XP level 4. HP: 34/34 MP: 5/5
  1337 | D:2      | Found a runed translucent door.
  1338 | D:2      | Noticed Crazy Yiuf
  1350 | D:2      | Killed Crazy Yiuf
  1632 | D:2      | Reached skill level 1 in Conjurations
  1632 | D:2      | Reached skill level 1 in Hexes
  1632 | D:2      | Reached skill level 1 in Summonings
  1632 | D:2      | Reached skill level 1 in Necromancy
  1632 | D:2      | Reached skill level 1 in Translocations
  1632 | D:2      | Reached skill level 1 in Transmutations
  1632 | D:2      | Reached skill level 1 in Fire Magic
  1632 | D:2      | Reached skill level 1 in Ice Magic
  1632 | D:2      | Reached skill level 1 in Air Magic
  1632 | D:2      | Reached skill level 1 in Earth Magic
  1632 | D:2      | Reached skill level 1 in Poison Magic
  1671 | D:2      | Reached XP level 5. HP: 40/40 MP: 5/7
  1814 | D:2      | Found a faded altar of an unknown god.
  2502 | D:3      | Got Sif Muna's Almanac of the Entrancing Entourage
  2513 | D:3      | Reached XP level 6. HP: 47/47 MP: 8/8
  2752 | D:3      | Found a bloodstained altar of Trog.
  3571 | D:4      | Found a radiant altar of Vehumet.
  3581 | D:4      | Reached skill level 5 in Staves
  3581 | D:4      | Reached skill level 5 in Armour
  4309 | D:5      | Entered Level 5 of the Dungeon
  4478 | D:5      | Found a sacrificial altar of Ru.
  4480 | D:5      | Found a snail-covered altar of Cheibriados.
  4514 | D:5      | Reached XP level 7. HP: 52/52 MP: 10/10
  4517 | D:5      | Reached skill level 7 in Bows
  4528 | D:5      | Became a worshipper of Ru the Awakened
  4952 | D:5      | Reached XP level 8. HP: 54/60 MP: 12/12
  5230 | D:6      | Noticed a five-headed hydra
  5241 | D:6      | Found a shimmering blue altar of Sif Muna.
  5242 | D:6      | Found Keupepio's CLEARANCE SALE! EVERYTHING MUST GO!.
  5562 | D:7      | Found a transporter.
  5563 | D:7      | Noticed Vyran's ghost (novice GnFi)
  5564 | D:7      | Noticed a two-headed ogre
  5836 | D:7      | Found a transporter.
  6029 | D:7      | Noticed Harold
  6048 | D:7      | Mangled by Harold

Illustrated notes

Levels and vault maps discovered:
D:1:      saegor_arrival_simple_d, layout_basic
D:2:      layout_rooms, shapermc_ecumenical_altar_hornbeckon,
          minmay_divided_ellipse, uniq_crazy_yiuf_cottage
D:3:      layout_basic, trog_hazing_becter
D:4:      layout_loops_ring, nicolae_vehumet_radiance, hangedman_decor_growths
D:5:      layout_rooms, grunt_temple_overflow_open
D:6:      layout_gridville, mainiacjoe_overflow_catwalk,
          minmay_temple_entry_butterflies, nicolae_shop_clearance
D:7:      layout_gridville, gammafunk_ghost_arena, minmay_stone_trees_medium,
          uniq_harold

Skill      XL: |  1  2  3  4  5  6  7  8 |
---------------+-------------------------+-----
Invocations    | 1 2 3 |  3.6
Short Blades   | 1 2 3 |  3.3
Long Blades    | 1 2 3 |  3.3
Axes           | 1 2 3 |  3.3
Maces & Flails | 1 2 3 |  3.3
Polearms       | 1 2 3 |  3.3
Slings         | 1 2 3 |  3.3
Crossbows      | 1 2 3 |  3.3
Dodging        | 1 2 3 |  3.3
Shields        | 1 2 3 |  3.3
Unarmed Combat | 1 2 3 |  3.3
Spellcasting   | 1 2 3 |  3.3
Evocations     | 1 2 3 |  3.3
Conjurations   | 1 2 |  2.7
Hexes          | 1 2 |  2.7
Summonings     | 1 2 |  2.7
Necromancy     | 1 2 |  2.7
Translocations | 1 2 |  2.7
Transmutations | 1 2 |  2.7
Fire Magic     | 1 2 |  2.7
Ice Magic      | 1 2 |  2.7
Air Magic      | 1 2 |  2.7
Earth Magic    | 1 2 |  2.7
Poison Magic   | 1 2 |  2.7
Fighting       | 3 4 |  4.2
Throwing       | 3 4 |  4.2
Stealth        | 3 4 |  4.1
Staves         | 5 |  5.7
Armour         | 5 |  5.7
Bows           | 7 |  7.4

Action                   |  1- 3 |  4- 6 |  7- 9 || total
-------------------------+-------+-------+-------++-------
Melee: Whip              |    22 |       |       ||    22
       Quarterstaff      |    82 |   184 |   118 ||   384
       Bite              |     4 |     7 |     7 ||    18
 Fire: Shortbow          |    13 |     4 |       ||    17
  Use: Scroll            |       |     4 |       ||     4
       Potion            |       |       |     3 ||     3
 Stab: Sleeping          |       |       |     1 ||     1
Armor: Scale mail        |    64 |   138 |    78 ||   280
Dodge: Dodged            |    60 |    92 |    71 ||   223
